 Dungeon Crawl Stone Soup version 0.30-a0-122-g2a1322497e (webtiles) character file.

Game seed: 8250270363436018645

14 BritishOli the Trooper (level 2, 24/24 HPs)
             Began as a Demonspawn Fighter on Sept 17, 2022.
             Got out of the dungeon alive.
             The game lasted 00:00:21 (495 turns).

BritishOli the Trooper (Demonspawn Fighter)          Turns: 495, Time: 00:00:21

Health: 24/24      AC:  6    Str: 16    XL:     2   Next: 27%
Magic:  2/2        EV:  8    Int:  9    God:
Gold:   25         SH:  4    Dex: 12    Spells: 1/1 levels left

rFire   . . .      SeeInvis .    a - +0 long sword
rCold   . . .      Faith    .    c - +0 buckler
rNeg    . . .      Spirit   .    b - +0 scale mail
rPois   .          Reflect  .    (no helmet)
rElec   .          Harm     .    (no cloak)
rCorr   .          Rampage  .    (no gloves)
Will    .....                    (no boots)
Stlth   ..........               (no amulet)
HPRegen 0.08/turn                (no ring)
MPRegen 0.16/turn                (no ring)

@: no status effects
A: magic regeneration
a: no special abilities


You escaped.
You visited 1 branch of the dungeon, and saw 1 of its levels.

You collected 25 gold pieces.

Inventory:

Hand Weapons
 a - a +0 long sword (weapon)
Armour
 b - a +0 scale mail (worn)
 c - a +0 buckler (worn)
Scrolls
 h - 2 scrolls of identify {unknown}
 i - 2 scrolls of teleportation {unknown}
 j - a scroll of poison {unknown}
Potions
 d - a potion of might
 e - a potion of haste {unknown}
 f - a potion of lignification {unknown}
 g - a potion of attraction {unknown}


   Skills:
 + Level 3.1 Fighting
 + Level 2.0 Long Blades
 + Level 2.8 Armour
 + Level 2.9 Shields


You had one spell level left.
You didn't know any spells.
Your spell library was empty.

Dungeon Overview and Level Annotations

Branches:
Dungeon (1/15)

Altars:


Innate Abilities, Weirdness & Mutations

You regenerate magic rapidly.


Message History

You hit the hobgoblin but do no damage.
The hobgoblin is moderately wounded.
The hobgoblin closely misses you.
The hobgoblin hits you but does no damage.
You hit the hobgoblin but do no damage.
The hobgoblin is moderately wounded.
The hobgoblin completely misses you.
You closely miss the hobgoblin.
The hobgoblin is moderately wounded.
The hobgoblin hits you.
You barely miss the hobgoblin.
The hobgoblin is moderately wounded.
The hobgoblin hits you. You block the hobgoblin's attack.
You slash the hobgoblin!
You kill the hobgoblin!
No target in view!
No target in view!
No target in view!
No target in view!
No target in view!
No target in view!
No target in view!
No target in view!
No target in view!
No target in view!
No target in view!
No target in view!
No target in view!
No target in view!
No target in view!
No target in view!
No target in view!
No target in view!
No target in view!
No target in view!
No target in view!
You see here 5 stones.
There is a staircase leading out of the dungeon here.
Are you sure you want to leave the Dungeon?
This will make you lose the game!
You have escaped!

#### #.#.##...##.#.#
...# ##.#.#.##.8#.#.##
...# #8.#.#.#8.##.#.8#
...# ##.#.#.##....#.##
...#.#.#.#.##..###8#.#
.......#.##.##...###.#
####.#.##.##.####...##
.....#.###.##...##8##
..#..#.# ##.###.@###
..####.# ##..####
#......# #.....#
.......####.##..##
.................#
.......###.......#
.......# #.......#
.......# #.......#
.......# ####.####


There were no monsters in sight!

Vanquished Creatures
  A ball python (D:1)
  An endoplasm (D:1)
  A giant cockroach (D:1)
  2 goblins (D:1)
  2 hobgoblins (D:1)
  A frilled lizard (D:1)
  2 kobolds (D:1)
  3 rats (D:1)
13 creatures vanquished.

Notes
Turn   | Place    | Note
-------+----------+-------------------------------------------
     0 | D:1      | BritishOli the Demonspawn Fighter began the quest for the
                  | Orb.
     0 | D:1      | Reached XP level 1. HP: 18/18 MP: 1/1
   140 | D:1      | Found a faded altar of an unknown god.
   140 | D:1      | Noticed a great orb of eyes
   220 | D:1      | Noticed a great orb of eyes
   226 | D:1      | Noticed a floating eye
   231 | D:1      | Noticed a great orb of eyes
   332 | D:1      | Gained mutation: You regenerate magic rapidly. [demonic
                  | ancestry]
   332 | D:1      | Reached XP level 2. HP: 22/24 MP: 2/2
   495 | D:$      | Got out of the dungeon alive.

Illustrated notes

Levels and vault maps discovered:
D:1:      nagdon_arrival_double_spiral, layout_basic,
          hellmonk_ecumenical_altar_watching_god, minmay_tree_intersection

Skill      XL: |  1 |
---------------+----+-----
Long Blades    | 2 |  2.0
Fighting       | |  3.1
Armour         | |  2.8
Shields        | |  2.9

Action                   || total
-------------------------++-------
Melee: Long sword        ||    22
Armor: Scale mail        ||     6
Dodge: Dodged            ||     4
Block: Buckler           ||     8

Table legend: (Time is in decaauts)
 A = Elapsed time spent in this place.
 B = Non-inter-level travel time spent in this place.
 C = Inter-level travel time spent in this place.
 D = Time resting spent in this place.
 E = Time spent auto-exploring this place.
 F = Levels seen in this place.
 G = Mean time per level.
                   A        B        C        D        E       F      G
               +--------+--------+--------+--------+--------+-----+--------+
         Total |    502 |    357 |    145 |      0 |    285 |   1 |  502.0 |
       Dungeon |    502 |    357 |    145 |      0 |    285 |   1 |  502.0 |
               +--------+--------+--------+--------+--------+-----+--------+

Top non-repeatable levels by time:
     D:1: 502 daAuts
